 Dungeon Crawl Stone Soup version 0.29.1-13-g9f3cf754e1 (webtiles) character file.

Game seed: 1784219580719936432

27 rakiston the Chiller (level 3, -1/25 HPs)
             Began as a Merfolk Ice Elementalist on Feb 1, 2023.
             Succumbed to a hobgoblin's poison
             ... on level 2 of the Dungeon.
             The game lasted 00:05:57 (1537 turns).

rakiston the Chiller (Merfolk Ice Elementalist)     Turns: 1537, Time: 00:05:57

Health: -1/25      AC:  2    Str:  8    XL:     3   Next: 10%
Magic:  4/6        EV: 12    Int: 16    God:
Gold:   106        SH:  0    Dex: 14    Spells: 2/6 levels left

rFire   . . .      SeeInvis .   (no weapon)
rCold   . . .      Faith    .   (no shield)
rNeg    . . .      Spirit   .   a - +0 robe
rPois   .          Reflect  .   (no helmet)
rElec   .          Harm     .   (no cloak)
rCorr   .          Rampage  .   (no gloves)
Will    .....                   (no boots)
Stlth   ++........              (no amulet)
HPRegen 0.08/turn               (no ring)
MPRegen 0.10/turn               (no ring)

@: lethally poisoned (-1 -> -9)
A: (nimble swimmer 2), mertail
a: no special abilities


You were on level 2 of the Dungeon.
You visited 1 branch of the dungeon, and saw 2 of its levels.

You collected 106 gold pieces.

Inventory:

Armour
 a - a +0 robe (worn)
Jewellery
 c - a ring of flight
Scrolls
 f - 2 scrolls of identify {unknown}
 g - a scroll of teleportation {unknown}
 h - a scroll of poison {unknown}
 j - a scroll of magic mapping {unknown}
 k - a scroll of noise {unknown}
Potions
 b - 2 potions of magic
 e - a potion of lignification
 i - a potion of heal wounds {unknown}
 l - a potion of flight {unknown}
 m - a potion of invisibility {unknown}


   Skills:
 - Level 0.3 Fighting
 - Level 2.6 Dodging
 - Level 2.1 Stealth
 - Level 2.0 Spellcasting
 + Level 5.3 Ice Magic


You had 2 spell levels left.
You knew the following spells:

 Your Spells              Type           Power      Damage    Failure   Level
a - Freeze                Ice            72%        1d9       2%          1
b - Frozen Ramparts       Ice            36%        1d6       7%          3

Your spell library contained the following spells:

 Spells                   Type           Power      Damage    Failure   Level
 Ozocubu's Armour         Ice            18%        N/A       7%          3
 Hailstorm                Conj/Ice       10%        3d5       56%         4


Dungeon Overview and Level Annotations

Branches:
Dungeon (2/15)

Altars:


Innate Abilities, Weirdness & Mutations

((You are very nimble when in or above water. (Stealth+, EV+, Speed+++)))
Your lower body shifts to a powerful aquatic tail in water.


Message History

Press: ? - help, Shift-Dir - straight line, f/p - worm
Aim: a worm (lightly wounded)
You freeze the worm!
The worm is heavily wounded.
The worm bites you!
* * * LOW HITPOINT WARNING * * *
There is an open door here.
Found a spear.
A hobgoblin comes into view. It is quivering poisoned darts.
Aiming: Freeze (safe; 2% risk of failure)
Press: ? - help, Q - select action, (/) - cycle Shift-Dir - straight line, f - you
Okay, then.
Okay, then.
Throw: 2 darts (poison)
Press: ? - help, Q - select action, (/) - cycle Shift-Dir - straight line, f - hobgoblin
Aim: a hobgoblin, quivering poisoned darts (wandering, hasn't noticed you, 57% to hit)
You throw a poisoned dart.
The poisoned dart barely misses the hobgoblin.
The hobgoblin shouts!
You hear an angry hiss.
The hobgoblin throws a poisoned dart.
The poisoned dart hits you!
You are lethally poisoned!
An adder comes into view.
Throw: dart (poison)
Press: ? - help, Q - select action, (/) - cycle Shift-Dir - straight line, f/p - hobgoblin
Aim: a hobgoblin, quivering poisoned darts (57% to hit)
You throw a poisoned dart. The poisoned dart hits the hobgoblin.
The hobgoblin is poisoned.
* * * LOW HITPOINT WARNING * * *
You feel very sick.
* * * LOW HITPOINT WARNING * * *
You feel sick.
Casting: Freeze (safe; 2% risk of failure)
Confirm with . or Enter, or press ? or * to list all spells.
Aiming: Freeze (safe; 2% risk of failure)
Press: ? - help, Shift-Dir - straight line, f/p - hobgoblin
Aim: a hobgoblin, quivering poisoned darts (moderately wounded, poisoned)
You freeze the hobgoblin.
The hobgoblin is severely wounded.
You die...

###.. #.....# .# #...##
#:....# ..##....# #.....# ##
#.#.....# #.....# ...
#.#.#...# #.....#
....##.#.....# ###w###
..........#.## ##.#
..........#.## #..#
(.S.()g@.....####.##
##.###............###### #
#.##..##.#..###.......# ..#
#....# #.#............#
...#####.#..# #.#.####.#.....#
#....#.....# #...# #.#.....#
####........####..####...#....
.......<......)...............
.....#...########.#.####......


You could see an adder and a hobgoblin (poisoned).

Vanquished Creatures
  A dart slug (D:1)
  4 bats (D:1)
  2 endoplasms
  2 giant cockroaches (D:1)
  A goblin (D:2)
  3 hobgoblins (D:1)
  3 frilled lizards
  4 kobolds (D:1)
  5 rats (D:1)
25 creatures vanquished.

Notes
Turn   | Place    | Note
-------+----------+-------------------------------------------
     0 | D:1      | rakiston the Merfolk Ice Elementalist began the quest for
                  | the Orb.
     0 | D:1      | Reached XP level 1. HP: 13/13 MP: 3/3
   212 | D:1      | Found a faded altar of an unknown god.
   330 | D:1      | Reached XP level 2. HP: 19/19 MP: 0/5
   556 | D:1      | Reached skill level 5 in Ice Magic
  1201 | D:1      | Reached XP level 3. HP: 25/25 MP: 4/6
  1339 | D:1      | Learned a level 3 spell: Frozen Ramparts
  1536 | D:2      | HP: 1/25 [poisoned by a hobgoblin]
  1537 | D:2      | Succumbed to a hobgoblin's poison

Illustrated notes

Levels and vault maps discovered:
D:1:      nagdon_arrival_double_spiral, layout_basic,
          shapermc_ecumenical_altar_pompeii, roderic_serpentine_path,
          nicolae_hexahallways, chequers_serial_rivers_small_3,
          chequers_serial_rivers_micro_e, minmay_pentomino_u2
D:2:      layout_rooms, kennysheep_generic_room_13

Skill      XL: |  1  2 |
---------------+-------+-----
Ice Magic      | 5 |  5.3
Fighting       | |  0.3
Dodging        | |  2.6
Stealth        | |  2.1
Spellcasting   | |  2.0

Action                   || total
-------------------------++-------
Throw: Dart              ||     2
 Cast: Freeze            ||    41
  Use: Potion            ||     1
Armor: Robe              ||     9
Dodge: Dodged            ||    18
